 Dungeon Crawl Stone Soup version 0.23.2-1-ga50397a6bc (webtiles) character file.

Game seed: 14682007834435042709

61 Gargoyl the Skirmisher (level 3, -1/31 HPs)
             Began as a Centaur Abyssal Knight on Apr 20, 2019.
             Was a Believer of Lugonu.
             Killed by nerve-wracking pain
             ... invoked by Jessica
              (12 damage)
             ... on level 2 of the Dungeon.
             The game lasted 00:02:22 (1113 turns).

Gargoyl the Skirmisher (Centaur Abyssal Knight)     Turns: 1113, Time: 00:02:23

Health: -1/31      AC:  8    Str: 14    XL:     3   Next: 83%
Magic:  0/4        EV: 10    Int: 11    God:    Lugonu [**....]
Gold:   70         SH:  0    Dex:  9    Spells: 2/2 levels left

rFire    . . .     SeeInvis .   a - +1 hand axe
rCold    . . .     Gourm    .   (no shield)
rNeg     . . .     Faith    .   f - +0 scale mail
rPois    .         Spirit   +   (no helmet)
rElec    .         Reflect  .   (no cloak)
rCorr    .         Harm     .   g - +1 pair of gloves
MR       .....                  (no barding)
Stlth    ..........             h - amulet of guardian spirit
HPRegen  0.10/turn              e - +3 ring of evasion
MPRegen  0.09/turn              (no ring)

@: very quick
A: large, hooves 3, deformed body, speed 2, tough skin 3
a: Depart the Abyss, Bend Space, Renounce Religion


You were on level 2 of the Dungeon.
You worshipped Lugonu.
Lugonu was pleased with you.
You were not hungry.

You visited 1 branch of the dungeon, and saw 2 of its levels.
You visited the Abyss 1 time.

You collected 70 gold pieces.

Inventory:

Hand Weapons
 a - a +1 hand axe (weapon)
Armour
 f - a +0 scale mail (worn)
 g - a +1 pair of gloves (worn)
Jewellery
 e - a +3 ring of evasion (left hand)
 h - an amulet of guardian spirit (around neck)
Scrolls
 d - a scroll of identify
Potions
 b - 2 potions of might {unknown}
 i - a potion of heal wounds {unknown}
Comestibles
 c - 6 rations


   Skills:
 + Level 3.4 Fighting
 + Level 2.4 Axes
 * Level 1.9 Armour
 * Level 1.1 Dodging
 * Level 2.5 Invocations


You had 2 spell levels left.
You didn't know any spells.
Your spell library was empty.

Dungeon Overview and Level Annotations

Branches:
Dungeon (2/15)

Altars:

Annotations:
D:2 Jessica


Innate Abilities, Weirdness & Mutations

You have hooves in place of feet.
Armour fits poorly on your strangely shaped body.
You cover ground very quickly.
You have extremely tough skin. (AC +3)


Message History

Jessica is moderately wounded.
Jessica hits you but does no damage.
Jessica mumbles something strange.
Jessica hits you with a +0 dagger.
You barely miss Jessica. Your kick misses Jessica.
Jessica is moderately wounded.
Jessica closely misses you. Jessica barely misses you.
Your scale mail prevents you from hitting Jessica.
Jessica is moderately wounded.
Jessica barely misses you.
Jessica points at you and mumbles some strange words.
Pain shoots through your body!
You hit Jessica but do no damage.
Jessica is moderately wounded.
Jessica hits you with a +0 dagger.
You hit Jessica.
Jessica is severely wounded.
Jessica points at you and mumbles some strange words.
Pain shoots through your body!
You die...

#... ##.#<..
#.........#....##.....
#.........#...........
#.........########....
#######.........#......†....
...............##...........
##.....#.......##...........
#......#...@...........###..
#.......†..@........###...[.
#.......)....[......###.....
....................#.......
.........#.....[.####.......
.........###...#....#.......
.........# #........#####...
........## ##.......#####...
######### #.....##...##...
#.....##...##)..


You could see Jessica.

Vanquished Creatures
  3 adders (D:2)
  2 dart slugs (D:1)
  A leopard gecko (D:1)
  A ball python (D:1)
  5 bats (D:1)
  A giant cockroach (D:1)
  3 goblins
  5 hobgoblins
  5 frilled lizards
  4 kobolds
  2 rats
32 creatures vanquished.

Notes
Turn   | Place    | Note
-------+----------+-------------------------------------------
     0 | Abyss:1  | Gargoyl the Centaur Abyssal Knight began the quest for the
                  | Orb.
     0 | Abyss:1  | Reached XP level 1. HP: 19/19 MP: 2/2
    55 | Abyss:2  | Noticed a large abomination
    56 | Abyss:2  | Noticed a large abomination
    69 | Abyss:2  | Noticed a small abomination
   114 | Abyss:3  | Noticed a worldbinder
   118 | Abyss:3  | Noticed an orc priest
   119 | Abyss:3  | Noticed an orc priest
   120 | D:1      | Escaped the Abyss
   224 | D:1      | Reached * piety under Lugonu
   273 | D:1      | Reached XP level 2. HP: 16/26 MP: 3/3
   568 | D:1      | Reached skill level 1 in Dodging
   862 | D:2      | Reached XP level 3. HP: 22/31 MP: 2/4
  1076 | D:2      | Reached ** piety under Lugonu
  1088 | D:2      | Noticed Jessica
  1113 | D:2      | Killed from afar by Jessica

Skill      XL: |  1  2 |
---------------+-------+-----
Axes           | 2 |  2.4
Dodging        | 1 |  1.1
Fighting       | |  3.4
Armour         | |  1.9
Invocations    | |  2.5

Action                   || total
-------------------------++-------
Melee: Hand axe          ||    90
       Kick              ||    14
Invok: Depart the Abyss  ||     1
  Use: Scroll            ||     4
       Potion            ||     1
Armor: Scale mail        ||    54
       Leather armour    ||     7
Dodge: Dodged            ||    72
